 Dungeon Crawl Stone Soup version 0.31-a0-180-g519b7de00c (webtiles) character file.

Game seed: 6186166352557896115

345 qw the Shooter (level 6, -7/57 HPs)
             Began as a Naga Hunter on June 19, 2023.
             Mangled by a lemure (8 damage)
             ... led by Pikel
             ... on level 5 of the Dungeon.
             The game lasted 00:01:10 (3250 turns).

qw the Shooter (Naga Hunter)                        Turns: 3250, Time: 00:01:11

Health: -7/57      AC:  4    Str: 20    XL:     6   Next: 58%
Magic:  6/6        EV: 10    Int:  9    God:
Gold:   78         SH:  0    Dex: 16    Spells: 5/5 levels left

rFire   . . .        Y - +0 shortbow (freeze)
rCold   . . .        (shield currently unavailable)
rNeg    . . .        c - +0 leather armour
rPois   +            (no helmet)
rElec   .            (no cloak)
rCorr   .            h - +0 pair of gloves
SInv    +            (no barding)
Will    .....        b - amulet of faith
Stlth   ++           m - +6 ring of strength
HPRegen 0.29/turn    (no ring)
MPRegen 0.10/turn

%: faith
@: about to teleport, short of breath, very slow
A: AC +2, large, see invisible, deformed body, poison resistance, slowness 2,
spit poison 1, naga tail 1
a: Spit Poison


You were on level 5 of the Dungeon.
You visited 1 branch of the dungeon, and saw 5 of its levels.

You collected 254 gold pieces.
You spent 176 gold pieces at shops.


Innate Abilities, Weirdness & Mutations

Your serpentine skin is tough. (AC +2)
You have supernaturally acute eyesight. (SInv)
Armour fits poorly on your strangely shaped body.
Your system is resistant to poisons. (rPois)
You cover ground very slowly.
You can spit poison.
You have a snake-like lower body.


   Skills:
 - Level 4.0 Fighting
 + Level 6.0 Ranged Weapons
 - Level 2.0 Dodging
 - Level 1.5 Stealth


You had 5 spell levels left.
You didn't know any spells.
Your spell library was empty.

Inventory:

Hand Weapons
 Y - a +0 shortbow of freezing (weapon)
Armour
 c - a +0 leather armour (worn)
 h - a +0 pair of gloves (worn)
Jewellery
 b - an amulet of faith (around neck)
 m - a +6 ring of strength (left hand)
Scrolls
 a - 5 scrolls of identify
Potions
 e - a potion of curing
 g - 2 potions of mutation
 i - a potion of might

Dungeon Overview and Level Annotations

Branches:
Dungeon (5/15)
 Temple: D:4-7

Altars:
Makhleb

Shops:
D:3 *   D:4 [

Annotations:
D:4 3 runed translucent doors, qw's ghost, amateur GrFi
D:5 Grinder; Pikel


Message History

You shoot an arrow. The arrow hits Grinder!
Grinder is severely wounded.
Grinder hits you!
You writhe in agony.
3243 ||| READING 2 scrolls of teleportation.
As you read the scroll of teleportation, it crumbles to dust.
You feel strangely unstable. Grinder gestures at you.
You struggle to resist.
You shoot an arrow.
The arrow hits Grinder but does no damage.
Grinder is severely wounded.
Grinder hits you.
You shoot an arrow.
The arrow hits Grinder but does no damage.
Grinder is severely wounded.
Grinder hits you but does no damage.
You shoot an arrow. The arrow hits Grinder.
Grinder is severely wounded.
Your surroundings suddenly seem different.
Pikel and 3 lemures come into view.
Pikel is wielding a +1 whip of flaming.
Found a potion of might.
The lemure shouts!
3247 ||| INVOKING Spit Poison.
Aiming: Spit Poison (1% risk of failure)
Press: ? - help, Shift-Dir - straight line, f - lemure The splash of poison hits the lemure.
The lemure is poisoned.
The lemure is lightly wounded.
3248 ||| READING scroll of teleportation.
As you read the scroll of teleportation, it crumbles to dust.
You feel strangely unstable.
Pikel shouts!
The lemure shouts!
An ogre comes into view. It is wielding a +0 giant club.
A lemure comes into view.
You shoot an arrow. The arrow barely misses the lemure.
The lemure shouts!
The ogre shouts!
The lemure hits you.
You shoot an arrow. The arrow hits the lemure.
The arrow freezes the lemure.
The lemure is moderately wounded.
The lemure hits you. The lemure hits you!
You die...

... ... #.....
... ..... ...
##.... ...
#..... ...
.....## ...
#....## ...
#..!..# ..#
#..@.# #..55..#
...O...K.....
.......5.####..
.........#
......5...
..........
...........


You could see Pikel, an ogre and 4 lemures.

Vanquished Creatures
  An ogre (D:4)
  2 hounds
  An orc priest (D:3)
  2 orc wizards (D:3)
  4 adders
  An ufetubus (D:5)
  8 orcs (D:3)
  7 ball pythons
  6 endoplasms
  5 giant cockroaches
  6 goblins
  7 hobgoblins
  4 jackals (D:4)
  3 quokkas
  3 bats (D:1)
  6 frilled lizards
  7 kobolds
  4 rats
77 creatures vanquished.

Notes
Turn   | Place    | Note
-------+----------+-------------------------------------------
     0 | D:1      | qw the Naga Hunter began the quest for the Orb.
     0 | D:1      | Reached XP level 1. HP: 19/19 MP: 1/1
     0 | D:1      | 0 ||| qw: Version: 0.3-a-7-ge0c9b40
     0 | D:1      | 0 ||| qw: Game counter: 942
     0 | D:1      | 0 ||| qw: Always use a shield: true
     0 | D:1      | 0 ||| qw: God list: Okawaru
     0 | D:1      | 0 ||| qw: Allow faded altars: false
     0 | D:1      | 0 ||| qw: Do Orc after D:15 true
     0 | D:1      | 0 ||| qw: Do second Lair branch before Depths: true
     0 | D:1      | 0 ||| qw: Lair rune preference: random
     0 | D:1      | 0 ||| qw: Plans: Normal
     0 | D:1      | 0 ||| PLANNING D:1-11
    89 | D:1      | 89 ||| INVOKING Spit Poison.
   118 | D:1      | 118 ||| INVOKING Spit Poison.
   121 | D:1      | 121 ||| INVOKING Spit Poison.
   201 | D:1      | 201 ||| INVOKING Spit Poison.
   251 | D:1      | 251 ||| INVOKING Spit Poison.
   325 | D:1      | 325 ||| INVOKING Spit Poison.
   327 | D:1      | Reached skill level 4 in Ranged Weapons
   327 | D:1      | Reached XP level 2. HP: 26/26 MP: 2/2
   345 | D:1      | 345 ||| INVOKING Spit Poison.
   531 | D:1      | 531 ||| INVOKING Spit Poison.
   535 | D:1      | 535 ||| INVOKING Spit Poison.
   616 | D:1      | 616 ||| INVOKING Spit Poison.
   646 | D:1      | 646 ||| INVOKING Spit Poison.
   679 | D:1      | 679 ||| INVOKING Spit Poison.
   689 | D:1      | 689 ||| INVOKING Spit Poison.
   730 | D:1      | Reached XP level 3. HP: 32/32 MP: 3/3
   914 | D:1      | 914 ||| READING 2 scrolls labelled USIN LOLUPSA.
   915 | D:1      | 915 ||| DROPPING scroll of butterflies.
  1000 | D:2      | 1000 ||| INVOKING Spit Poison.
  1007 | D:2      | 1007 ||| INVOKING Spit Poison.
  1065 | D:2      | 1065 ||| INVOKING Spit Poison.
  1098 | D:2      | 1098 ||| INVOKING Spit Poison.
  1102 | D:2      | 1102 ||| INVOKING Spit Poison.
  1133 | D:2      | 1133 ||| INVOKING Spit Poison.
  1337 | D:2      | 1337 ||| UPGRADING to amulet of faith.
  1342 | D:2      | 1342 ||| READING scroll labelled WIGOEL IDA IMIS.
  1343 | D:2      | 1343 ||| READING scroll labelled ELUDYT NYUH.
  1344 | D:2      | 1344 ||| READING scroll labelled QUED CUUSS.
  1345 | D:2      | 1345 ||| READING scroll labelled GARGHI JADAZO.
  1346 | D:2      | 1346 ||| DRINKING 2 fizzy green potions.
  1347 | D:2      | 1347 ||| DRINKING 2 puce potions.
  1348 | D:2      | 1348 ||| READING 3 scrolls of identify.
  1348 | D:2      | 1348 ||| IDENTIFYING fuming blue potion
  1349 | D:2      | 1349 ||| DROPPING potion of degeneration.
  1383 | D:3      | 1383 ||| INVOKING Spit Poison.
  1394 | D:3      | 1394 ||| INVOKING Spit Poison.
  1398 | D:3      | 1398 ||| INVOKING Spit Poison.
  1495 | D:3      | 1495 ||| INVOKING Spit Poison.
  1540 | D:3      | 1540 ||| INVOKING Spit Poison.
  1596 | D:3      | Reached skill level 5 in Ranged Weapons
  1596 | D:3      | Reached XP level 4. HP: 39/39 MP: 4/4
  1642 | D:3      | Found Ycasota's Assorted Antiques.
  1647 | D:3      | 1647 ||| BUYING emerald potion (17 gold).
  1647 | D:3      | Bought an emerald potion for 17 gold pieces
  1647 | D:3      | 1647 ||| BUYING pair of gloves (85 gold).
  1647 | D:3      | Bought a pair of gloves for 85 gold pieces
  1647 | D:3      | 1647 ||| BUYING scroll labelled MYXUMOG HENA (19 gold).
  1647 | D:3      | Bought a scroll labelled MYXUMOG HENA for 19 gold pieces
  1647 | D:3      | 1647 ||| BUYING scroll of identify (38 gold).
  1647 | D:3      | Bought a scroll of identify for 38 gold pieces
  1647 | D:3      | 1647 ||| BUYING viscous silvery potion (17 gold).
  1647 | D:3      | Bought a viscous silvery potion for 17 gold pieces
  1723 | D:3      | 1723 ||| INVOKING Spit Poison.
  1738 | D:3      | 1738 ||| INVOKING Spit Poison.
  1767 | D:3      | 1767 ||| INVOKING Spit Poison.
  1808 | D:3      | 1808 ||| INVOKING Spit Poison.
  1828 | D:3      | 1828 ||| INVOKING Spit Poison.
  1829 | D:3      | 1829 ||| INVOKING Spit Poison.
  1852 | D:3      | 1852 ||| INVOKING Spit Poison.
  1898 | D:3      | 1898 ||| INVOKING Spit Poison.
  1901 | D:3      | 1901 ||| INVOKING Spit Poison.
  2098 | D:3      | 2098 ||| INVOKING Spit Poison.
  2105 | D:3      | 2105 ||| INVOKING Spit Poison.
  2106 | D:3      | Reached skill level 3 in Fighting
  2106 | D:3      | Reached XP level 5. HP: 37/49 MP: 5/5
  2111 | D:3      | 2111 ||| INVOKING Spit Poison.
  2114 | D:3      | 2114 ||| INVOKING Spit Poison.
  2118 | D:3      | 2118 ||| INVOKING Spit Poison.
  2266 | D:3      | 2266 ||| UPGRADING to +0 pair of gloves.
  2271 | D:3      | 2271 ||| UPGRADING to +6 ring of strength.
  2272 | D:3      | 2272 ||| READING scroll labelled QESMOANWAYNTO.
  2273 | D:3      | 2273 ||| READING scroll labelled VUTENN UKHUA.
  2274 | D:3      | 2274 ||| READING scroll labelled MYXUMOG HENA.
  2275 | D:3      | 2275 ||| READING scroll labelled BEM HUNWU PIO.
  2276 | D:3      | 2276 ||| DRINKING 2 viscous silvery potions.
  2277 | D:3      | 2277 ||| READING 3 scrolls of identify.
  2277 | D:3      | 2277 ||| IDENTIFYING emerald potion
  2278 | D:3      | 2278 ||| DROPPING potion of magic.
  2297 | D:4      | 2297 ||| INVOKING Spit Poison.
  2334 | D:4      | Found Fekh's Antique Armour Boutique.
  2342 | D:4      | 2342 ||| SHOPLISTING citrine-encrusted leather armour (168
                  | gold, have 39).
  2342 | D:4      | 2342 ||| SHOPLISTING dyed leather armour (120 gold, have
                  | 39).
  2342 | D:4      | 2342 ||| SHOPLISTING runed robe (88 gold, have 39).
  2351 | D:4      | Noticed qw's ghost (amateur GrFi)
  2365 | D:4      | 2365 ||| INVOKING Spit Poison.
  2415 | D:4      | Found a runed translucent gate.
  2416 | D:4      | Found a runed translucent gate.
  2417 | D:4      | Found a runed translucent gate.
  2465 | D:4      | 2465 ||| INVOKING Spit Poison.
  2469 | D:4      | 2469 ||| INVOKING Spit Poison.
  2472 | D:4      | 2472 ||| INVOKING Spit Poison.
  2482 | D:4      | 2482 ||| INVOKING Spit Poison.
  2489 | D:4      | 2489 ||| INVOKING Spit Poison.
  2683 | D:4      | Found a burning altar of Makhleb.
  2684 | D:4      | 2684 ||| INVOKING Spit Poison.
  2707 | D:4      | 2707 ||| INVOKING Spit Poison.
  2714 | D:4      | 2714 ||| INVOKING Spit Poison.
  2785 | D:4      | 2785 ||| INVOKING Spit Poison.
  2790 | D:4      | Reached skill level 6 in Ranged Weapons
  2790 | D:4      | Reached XP level 6. HP: 56/56 MP: 6/6
  2807 | D:4      | 2807 ||| INVOKING Spit Poison.
  2811 | D:4      | HP: 13/56 [ogre/+0 giant club (31)]
  3185 | D:4      | 3185 ||| READING 3 scrolls labelled LARAICYN EGOT.
  3213 | D:5      | Entered Level 5 of the Dungeon
  3214 | D:5      | 3214 ||| PLANNING SEWER
  3214 | D:5      | 3214 ||| INVOKING Spit Poison.
  3220 | D:5      | Noticed Grinder
  3223 | D:5      | Paralysed by Grinder for 3 turns
  3228 | D:5      | 3228 ||| INVOKING Spit Poison.
  3242 | D:5      | HP: 13/57 [Grinder (8)]
  3243 | D:5      | 3243 ||| READING 2 scrolls of teleportation.
  3244 | D:5      | HP: 3/57 [Grinder (4)]
  3246 | D:5      | Noticed Pikel
  3247 | D:5      | 3247 ||| INVOKING Spit Poison.
  3248 | D:5      | 3248 ||| READING scroll of teleportation.
  3249 | D:5      | HP: 4/57 [lemure[Pikel] (1)]
  3250 | D:5      | HP: 1/57 [lemure[Pikel] (3)]
  3250 | D:5      | Mangled by a lemure

Levels and vault maps discovered:
D:1:      tarquinn_simple_flora_water_c, layout_loops_corners
D:2:      layout_rooms
D:3:      layout_basic, serial_shops, shop
D:4:      layout_gridville, makhleb_heckhound_becter, serial_shops,
          nicolae_shop_hallway_plus, gammafunk_ghost_split, grunt_decor_clamped,
          kennysheep_small_spiral
D:5:      layout_cave_pods, kennysheep_okawaru_gauntlet, gup_sewer_entry_glass,
          due_unseen_surprise, uniq_grinder, uniq_sigmund, uniq_pikel

Skill      XL: |  1  2  3  4  5  6 |
---------------+-------------------+-----
Ranged Weapons | 4 5 6 |  6.0
Fighting       | 3 4 |  4.0
Dodging        | 2 |  2.0
Stealth        | |  1.5

Action                     |  1- 3 |  4- 6 || total
---------------------------+-------+-------++-------
   Fire: Shortbow          |    58 |    92 ||   150
Ability: Spit Poison       |    24 |    28 ||    52
    Use: Scroll            |     6 |     8 ||    14
         Potion            |     2 |     1 ||     3
 Armour: Leather armour    |     2 |    15 ||    17
  Dodge: Dodged            |     5 |    17 ||    22

Table legend:
 A = Non-vault XP
 B = Vault XP
 C = Vault XP percentage of total XP
 D = Non-vault monster count
 E = Vault monster count
 F = Vault count percentage of total count
                 A         B        C        D         E       F
            +---------+---------+-------+---------+---------+-------
      Total |     451 |      43 |   8.7 |      76 |       1 |   1.3
            +---------+---------+-------+---------+---------+-------
        D:1 |      35 |       0 |   0.0 |      20 |       0 |   0.0
        D:2 |      19 |       0 |   0.0 |      13 |       0 |   0.0
        D:3 |     183 |       0 |   0.0 |      26 |       0 |   0.0
        D:4 |     163 |      43 |  20.9 |      15 |       1 |   6.2
        D:5 |      51 |       0 |   0.0 |       2 |       0 |   0.0
            +---------+---------+-------+---------+---------+-------
